 Dungeon Crawl Stone Soup version 0.30.1-10-g1249ef9ec4 (webtiles) character file.

Game seed: 13662669303898929275

301 fireball365 the Chopper (level 6, -2/53 HPs)
             Began as a Hill Orc Fighter on Oct 26, 2023.
             Slain by Grinder (7 damage)
             ... on level 3 of the Dungeon.
             The game lasted 00:04:20 (2050 turns).

fireball365 the Chopper (Hill Orc Fighter)          Turns: 2050, Time: 00:04:21

Health: -2/53      AC:  8    Str: 21    XL:     6   Next: 37%
Magic:  6/6        EV:  9    Int:  8    God:
Gold:   132        SH:  9    Dex: 10    Spells: 5/5 levels left

rFire   . . .        a - +0 war axe
rCold   . . .        c - +0 buckler
rNeg    . . .        b - +0 scale mail
rPois   .            q - +0 helmet
rElec   .            (no cloak)
rCorr   .            (no gloves)
SInv    .            (no boots)
Will    .....        l - amulet of reflection Stlth
                     (no ring)
HPRegen 0.28/turn    (no ring)
MPRegen 0.10/turn

%: reflection
@: attractive
A: no striking features
a: no special abilities


You were on level 3 of the Dungeon.
You visited 1 branch of the dungeon, and saw 3 of its levels.

You collected 132 gold pieces.

Inventory:

Hand Weapons
 a - a +0 war axe (weapon)
Armour
 b - a +0 scale mail (worn)
 c - a +0 buckler (worn)
 q - a +0 helmet (worn)
Jewellery
 l - an amulet of reflection (around neck)
Scrolls
 f - a scroll of amnesia {unknown}
 g - a scroll of identify {unknown}
 i - a scroll of fog
 n - a scroll of enchant armour {unknown}
 p - a scroll of fear {unknown}
Potions
 d - a potion of might
 e - 2 potions of brilliance {unknown}
 h - 3 potions of attraction
 j - 2 potions of lignification {unknown}
 k - a potion of resistance {unknown}
 m - a potion of curing {unknown}
 o - a potion of magic {unknown}


   Skills:
 + Level 4.4 Fighting
 + Level 5.2 Axes
 + Level 4.2 Armour
 + Level 1.4 Dodging
 + Level 0.2 Stealth
 + Level 4.9 Shields


You had 5 spell levels left.
You didn't know any spells.
Your spell library contained the following spells:

 Spells                   Type           Power      Damage    Failure   Level
 Apportation              Tloc           0%         N/A       80%         1
 Manifold Assault         Tloc           0%         N/A       100%        4
 Alistair's Intoxication  Tmut/Pois      0%         N/A       100%        5
 Iskenderun's Battlesphe  Conj           0%         2d6       100%        5
 Dispersal                Tloc           0%         N/A       100%        6
 Iron Shot                Conj/Erth      0%         9d1       100%        6
 Simulacrum               Ice/Necr       0%         N/A       100%        6
 Ozocubu's Refrigeration  Ice            0%         4d7       100%        7
 Spellforged Servitor     Conj/Summ      0%         N/A       100%        7
 Disjunction              Tloc           0%         N/A       100%        8
 Polar Vortex             Ice            0%         N/A       100%        9


Dungeon Overview and Level Annotations

Branches:
Dungeon (3/15)

Altars:
Elyvilon

Shops:
D:2 (

Annotations:
D:3 Grinder


Message History

You closely miss Grinder.
Grinder is moderately wounded.
Grinder hits you but does no damage.
You closely miss Grinder.
Grinder is moderately wounded.
Grinder hits you.
You writhe in agony.
Grinder gestures at you.
You suddenly lose the ability to move!
Grinder blinks!
You can move again.
Grinder hits you.
You writhe in agony.
You barely miss Grinder.
Grinder is moderately wounded.
Grinder blinks!
You slash Grinder!
Grinder is heavily wounded.
Grinder hits you but does no damage.
You barely miss Grinder.
Grinder is heavily wounded.
Grinder hits you.
You writhe in agony.
Grinder hits you.
You writhe in agony.
You slash Grinder!
Grinder is almost dead.
Grinder gestures at you.
You suddenly lose the ability to move!
Grinder gestures at you. Pain shoots through your body!
* * * LOW HITPOINT WARNING * * *
Grinder hits you.
* * * LOW HITPOINT WARNING * * *
You writhe in agony.
* * * LOW HITPOINT WARNING * * *
Grinder gestures at you.
You barely resist. Grinder gestures at you.
You shrug off the repeated paralysis!
You can move again.
It was a potion of attraction.
You feel attractive to monsters. Grinder hits you!
You die...

####...
#.....#########.######
#.###.# #.)...... .. #.#
#........ ## ## #.#
######### [.. #.# .. #.#
# #.################ #
.######.................
.......@...#############
##### .......5...# ....#
...........# ###.#
...........# #.#
......=....# #)#
..........$# #.#
.....?...... #.#
...........## #.#
####+###.... ..#


You could see Grinder.

Vanquished Creatures
  Sigmund (D:2)
  A sleepcap (D:3)
  Jessica (D:3)
  Robin (D:3)
  2 adders
  A worm (D:3)
  A dart slug (D:1)
  2 orcs (D:3)
  6 bats
  3 endoplasms
  2 giant cockroaches
  8 goblins
  8 hobgoblins
  3 kobolds
  3 quokkas
  3 ball pythons
  2 frilled lizards (D:1)
  4 rats
52 creatures vanquished.

Notes
Turn   | Place    | Note
-------+----------+-------------------------------------------
     0 | D:1      | fireball365 the Hill Orc Fighter began the quest for the
                  | Orb.
     0 | D:1      | Reached XP level 1. HP: 19/19 MP: 1/1
   245 | D:1      | Reached XP level 2. HP: 27/27 MP: 2/2
   683 | D:2      | Reached skill level 3 in Axes
   771 | D:2      | Reached XP level 3. HP: 33/33 MP: 3/3
   785 | D:2      | Found Noezamagh's Antique Weapon Boutique.
   809 | D:2      | Found a white marble altar of Elyvilon.
  1063 | D:2      | Noticed Sigmund
  1076 | D:2      | Killed Sigmund
  1077 | D:2      | Reached skill level 4 in Axes
  1077 | D:2      | Reached skill level 1 in Dodging
  1077 | D:2      | Reached XP level 4. HP: 14/40 MP: 4/4
  1077 | D:2      | Reached XP level 5. HP: 16/46 MP: 5/5
  1521 | D:3      | Noticed Jessica
  1541 | D:3      | Killed Jessica
  1542 | D:3      | Reached XP level 6. HP: 26/52 MP: 6/6
  1623 | D:3      | Reached skill level 5 in Axes
  1719 | D:3      | Noticed Robin
  1743 | D:3      | Killed Robin
  2014 | D:3      | Noticed Grinder
  2028 | D:3      | Paralysed by Grinder for 2 turns
  2033 | D:3      | Paralysed by Grinder for 5 turns
  2045 | D:3      | Paralysed by Grinder for 5 turns
  2050 | D:3      | Slain by Grinder

Illustrated notes

Levels and vault maps discovered:
D:1:      ncdulo_watergridlock, layout_rooms, kennysheep_minor_cross
D:2:      layout_loops_ring, serial_shops, shop, basic_altar,
          kennysheep_decorative_pillar, uniq_sigmund
D:3:      layout_basic, uniq_robin, uniq_grinder, uniq_jessica

Skill      XL: |  1  2  3  4  5  6 |
---------------+-------------------+-----
Axes           | 3 4 5 |  5.2
Fighting       | 4 |  4.4
Armour         | 4 |  4.2
Dodging        | 1 |  1.4
Shields        | 4 |  4.9
Stealth        | |  0.2

Action                     |  1- 3 |  4- 6 || total
---------------------------+-------+-------++-------
  Melee: War axe           |    76 |    91 ||   167
    Use: Scroll            |       |     1 ||     1
         Potion            |       |     1 ||     1
 Armour: Scale mail        |    64 |    47 ||   111
  Dodge: Dodged            |    59 |    29 ||    88
  Block: Buckler           |    46 |    43 ||    89
